 Seeded DCSS version 0.29-a0-620-g13ace881f2 (webtiles) character file.

Game seed: 7421803495321263582 (custom seed)

401 Patoropollo the Shield-Bearer (level 6, -5/43 HPs)
             Began as an Octopode Fighter on June 19, 2022.
             Splashed by a jelly's acid (9 damage)
             ... on level 5 of the Dungeon.
             The game lasted 00:04:42 (4189 turns).

Patoropollo the Shield-Bearer (Octopode Fighter)    Turns: 4189, Time: 00:04:42

Health: -5/43      AC: -3    Str: 15    XL:     6   Next: 85%
Magic:  6/6        EV: 14    Int: 11    God:
Gold:   269        SH:  5    Dex: 13    Spells: 5/5 levels left

rFire   . . .      SeeInvis .   j - +2 dagger (distort)
rCold   . . .      Faith    .   b - +0 buckler
rNeg    . . .      Spirit   .   (helmet restricted)
rPois   .          Reflect  .   (no amulet)
rElec   .          Harm     .   (no ring)
rCorr   .          Rampage  .   (no ring)
Will    .....                   (no ring)
Stlth   +++.......              (no ring)
HPRegen 0.14/turn               (no ring)
MPRegen 0.10/turn               (no ring)
                                (no ring)
                                (no ring)

@: corroded
A: almost no armour, amphibious, 8 rings, camouflage 1, gelatinous body 1,
(nimble swimmer 1), tentacles
a: no special abilities


You were on level 5 of the Dungeon.
You visited 1 branch of the dungeon, and saw 5 of its levels.

You collected 311 gold pieces.
You spent 42 gold pieces at shops.

Inventory:

Hand Weapons
 g - a +4 dagger
 j - a +2 dagger of distortion (weapon)
Armour
 b - a +0 buckler (worn)
Jewellery
 r - a ring of protection from cold
Wands
 s - a wand of iceblast (8)
Scrolls
 d - 3 scrolls of noise {unknown}
 f - a scroll of summoning {unknown}
 h - 5 scrolls of identify {unknown}
 i - 2 scrolls of magic mapping
 k - 2 scrolls of teleportation {unknown}
 p - a scroll of enchant weapon {unknown}
 t - a scroll of fear {unknown}
 w - a scroll of poison {unknown}
Potions
 a - 2 potions of brilliance {unknown}
 c - a potion of might
 e - a potion of haste {unknown}
 l - a potion of degeneration {unknown}
 m - 2 potions of heal wounds {unknown}
 n - 2 potions of mutation {unknown}
 o - a potion of curing {unknown}
 q - a potion of resistance {unknown}
 u - a potion of ambrosia {unknown}
 v - a potion of invisibility {unknown}


   Skills:
 + Level 4.2 Fighting
 + Level 3.5 Short Blades
 + Level 4.2 Dodging
 + Level 4.0 Stealth
 + Level 4.2 Shields


You had 5 spell levels left.
You didn't know any spells.
Your spell library contained the following spells:

 Spells                   Type           Power      Damage    Failure   Level
 Ozocubu's Armour         Ice            0%         N/A       80%         3
 Ozocubu's Refrigeration  Ice            0%         4d5       100%        7


Dungeon Overview and Level Annotations

Branches:
Dungeon (5/15)
 Temple: D:4-7

Altars:
Elyvilon

Shops:
D:1 :*   D:4 ?


Innate Abilities, Weirdness & Mutations

You cannot wear most types of armour.
You are amphibious.
You can wear up to eight rings at the same time.
Your skin changes colour to match your surroundings (Stealth+).
Your rubbery body absorbs attacks. (AC +1, EV +1)
((You are camouflaged when in or above water. (Stealth+)))
You have tentacles for arms and can constrict up to eight enemies at once.


Message History

A hound comes into view.
The ogre shouts!
The jelly quivers.
You hit the jelly.
Space warps around the jelly.
Your tentacles burn!
The jelly is moderately wounded.
The jelly barely misses you.
The hound barks!
You hit the jelly. The acid corrodes you!
Your tentacles burn!
You squeeze the jelly, but do no damage.
The jelly is heavily wounded.
The jelly misses you.
You hit the jelly but do no damage.
Your tentacles burn!
The jelly is heavily wounded.
The jelly blinks!
You hit the jelly.
Your tentacles burn!
The jelly is severely wounded.
The ogre barely misses you. The jelly hits you.
You are splashed with acid!
The hound attacks as you move away! The hound closely misses you.
The jelly hits you.
You are splashed with acid!
You block the hound's attack. The jelly attacks as you move away!
The jelly misses you. The jelly attacks as you move away!
The jelly closely misses you. The hound bites you.
* * * LOW HITPOINT WARNING * * *
You hit the jelly but do no damage.
Your tentacles burn!
* * * LOW HITPOINT WARNING * * *
The jelly is severely wounded.
The jelly blinks!
You barely miss the ogre. You squeeze the ogre, but do no damage.
The ogre misses you. The jelly misses you. The jelly completely misses you.
You hit the jelly but do no damage.
Space warps around the jelly.
Your tentacles burn!
* * * LOW HITPOINT WARNING * * *
You squeeze the jelly, but do no damage.
The jelly is severely wounded.
The jelly hits you.
* * * LOW HITPOINT WARNING * * *
You are splashed with acid!
You die...

.. #...... #.# ###.
#...... ##.# ...
#...... #..#.###.##
#......
#..##.....###......
#..# #))##.)....
#..# ##..#......
#..# #.........
#.@## ##.##......
#.OJ#####..########
#...h.......######
##.##.#............
#.....(...........
######....!....?..
#/.....!.....
#####........
#........


You could see an ogre, a hound and a jelly.

Vanquished Creatures
  A gnoll shaman (D:5)
  2 iguanas
  An orc wizard (D:3)
  6 adders
  A gnoll (D:1)
  4 dart slugs
  2 orcs
  5 ball pythons
  3 bats
  3 endoplasms
  3 giant cockroaches
  6 goblins
  5 hobgoblins
  4 jackals (D:2)
  5 quokkas
  2 frilled lizards
  3 kobolds
  3 rats
59 creatures vanquished.

Vanquished Creatures (others)
  A quokka (D:3)
1 creature vanquished.

Grand Total: 60 creatures vanquished

Notes
Turn   | Place    | Note
-------+----------+-------------------------------------------
     0 | D:1      | Patoropollo the Octopode Fighter began the quest for the
                  | Orb.
     0 | D:1      | Reached XP level 1. HP: 16/16 MP: 1/1
   114 | D:1      | Found Hioco's Book Shop.
   279 | D:1      | Reached skill level 1 in Stealth
   279 | D:1      | Reached XP level 2. HP: 5/21 MP: 2/2
   512 | D:1      | Found Keohok's General Store.
   716 | D:1      | Reached XP level 3. HP: 26/26 MP: 3/3
  1574 | D:2      | Reached XP level 4. HP: 30/31 MP: 4/4
  1819 | D:2      | Found a faded altar of an unknown god.
  2316 | D:3      | Reached XP level 5. HP: 37/37 MP: 5/5
  2318 | D:3      | Found a white marble altar of Elyvilon.
  3247 | D:4      | Found Veupsiho's Magic Scroll Boutique.
  3276 | D:4      | Bought a scroll of magic mapping for 42 gold pieces
  4013 | D:5      | Entered Level 5 of the Dungeon
  4044 | D:5      | Noticed an ogre
  4046 | D:5      | Banished an ogre
  4047 | D:5      | Reached XP level 6. HP: 43/43 MP: 6/6
  4189 | D:5      | Splashed by a jelly's acid

Illustrated notes

Levels and vault maps discovered:
D:1:      eino_arrival_water_cross, layout_basic, serial_shops, shop,
          nicolae_shop_trees, amethyst_killhole
D:2:      minmay_chambers_of_ones, layout_basic,
          hellmonk_ecumenical_altar_leap_of_faith
D:3:      layout_basic, elyvilon_altar_4
D:4:      layout_layer_cave, serial_shops,
          nicolae_shop_temple_entry_statues_fountains
D:5:      layout_basic, minmay_manual_maat

Skill      XL: |  1  2  3  4  5  6 |
---------------+-------------------+-----
Stealth        | 1 2 3 4 |  4.0
Short Blades   | 3 |  3.5
Fighting       | 4 |  4.2
Dodging        | 4 |  4.2
Shields        | 4 |  4.2

Action                   |  1- 3 |  4- 6 || total
-------------------------+-------+-------++-------
Melee: Rapier            |    12 |       ||    12
       Constrict         |    13 |    16 ||    29
       Tentacles         |     6 |    13 ||    19
       Dagger            |    28 |    82 ||   110
 Stab: Sleeping          |     4 |     9 ||    13
Armor: Skin              |     4 |     2 ||     6
Dodge: Dodged            |    18 |    34 ||    52
Block: Buckler           |     7 |    13 ||    20

Table legend: (Time is in decaauts)
 A = Elapsed time spent in this place.
 B = Non-inter-level travel time spent in this place.
 C = Inter-level travel time spent in this place.
 D = Time resting spent in this place.
 E = Time spent auto-exploring this place.
 F = Levels seen in this place.
 G = Mean time per level.
                   A        B        C        D        E       F      G
               +--------+--------+--------+--------+--------+-----+--------+
         Total |   4177 |   4096 |     81 |      0 |   3642 |   5 |  835.4 |
       Dungeon |   4177 |   4096 |     81 |      0 |   3642 |   5 |  835.4 |
               +--------+--------+--------+--------+--------+-----+--------+

Top non-repeatable levels by time:
     D:1: 1309 daAuts
     D:4: 1059 daAuts
     D:3: 975 daAuts
     D:2: 659 daAuts
     D:5: 174 daAuts
